 Dungeon Crawl Stone Soup version 0.30.0-10-gfe55d96785 (webtiles) character file.

Game seed: 11038692944510115373

55553 Cheops the Tainter (level 14, -1/114 HPs)
             Began as a Naga Reaver on May 15, 2023.
             Was an Elder of Vehumet.
             Slain by a spriggan defender simulacrum (40 damage)
             ... on level 3 of the Abyss.
             The game lasted 02:22:39 (26651 turns).

Cheops the Tainter (Naga Reaver)                   Turns: 26651, Time: 02:22:40

Health: -1/114     AC: 17    Str: 16    XL:     14   Next: 77%
Magic:  23/27      EV: 12    Int: 18    God:    Vehumet [****..]
Gold:   1322       SH:  5    Dex:  9    Spells: 2/31 levels left

rFire   + + .        a - +0 scimitar (heavy)
rCold   . . .        R - +1 buckler
rNeg    . . .        T - +1 robe {rF+}
rPois   +            Q - +2 hat
rElec   .            C - +1 cloak {rF+}
rCorr   .            k - +1 pair of gloves
SInv    +            N - +1 barding
Will    ++...        W - amulet of regeneration
Stlth   ++++         f - ring of willpower
HPRegen 1.19/turn    q - +5 ring of evasion
MPRegen 0.20/turn

%: no passive effects
@: very slow
A: AC +4, large, see invisible, deformed body, poison resistance, slowness 2,
spit poison 1, naga tail 2
a: Spit Poison, Renounce Religion


You were on level 3 of the Abyss.
You worshipped Vehumet.
Vehumet was greatly pleased with you.
You visited 2 branches of the dungeon, and saw 17 of its levels.
You visited the Abyss 1 time.
You also visited: Volcano.

You collected 1322 gold pieces.

Inventory:

Hand Weapons
 a - a +0 heavy scimitar (weapon)
 e - a +2 antimagic scimitar
 K - the +9 trident of Zumec {drain, Str-5 Int+9, !a}
   (You found it on level 1 of the Lair of Beasts)

   Str:       It affects your strength (-5).
   Int:       It affects your intelligence (+9).
Armour
 g - a +0 leather armour
 k - a +1 pair of gloves (worn)
 C - a +1 cloak of fire resistance (worn)
 N - a +1 barding (worn)
 Q - a +2 hat (worn)
 R - a +1 buckler (worn)
 T - a +1 robe of fire resistance (worn)
Magical Staves
 b - a staff of fire {!a}
 c - a staff of poison
Jewellery
 f - a ring of willpower (left hand)
 h - the ring "Harhafed" {rC++ MP-9 AC+4 Dex+7}
   (You found it on level 10 of the Dungeon)

   [ring of protection]

   AC:        It affects your AC (+4).
   Dex:       It affects your dexterity (+7).
   rC:        It greatly protects you from cold.
   MP:        It affects your magic capacity (-9).
 i - a ring of willpower
 q - a +5 ring of evasion (right hand)
 r - a ring of flight
 O - a ring of protection from fire
 W - an amulet of regeneration (around neck)
Wands
 j - a wand of iceblast (7)
 y - a wand of flame (27)
 A - a wand of mindburst (16)
 B - a wand of charming (11)
 I - a wand of light (2)
 M - a wand of polymorph (4)
Scrolls
 l - 2 scrolls of magic mapping
 n - 4 scrolls of blinking
 o - 4 scrolls of fog
 p - 5 scrolls of teleportation
 s - 2 scrolls of fear
 t - 4 scrolls of poison
 v - 2 scrolls of vulnerability
 z - 2 scrolls of silence
 S - a scroll of amnesia
 V - a scroll of torment
Potions
 d - a potion of brilliance {unknown}
 m - 5 potions of lignification
 u - a potion of ambrosia
 w - a potion of magic
 x - 7 potions of might
 D - 3 potions of mutation
 E - 3 potions of berserk rage
 F - 6 potions of curing
 G - 2 potions of cancellation
 J - 3 potions of degeneration {unknown}
 L - a potion of invisibility {unknown}
 P - a potion of resistance {unknown}
 X - 3 potions of haste {unknown}
 Y - 5 potions of heal wounds
 Z - 2 potions of flight {unknown}
Miscellaneous
 U - a lightning rod (4/4)


   Skills:
 - Level 4.3 Fighting
 - Level 13.1 Long Blades
 - Level 1.5 Dodging
 - Level 9.2 Stealth
 - Level 4.0 Shields
 - Level 9.0 Spellcasting
 + Level 9.4 Conjurations
 - Level 1.0 Translocations
 + Level 9.4 Fire Magic
 - Level 6.0 Ice Magic
 - Level 2.0 Air Magic
 - Level 14.4 Poison Magic
 - Level 5.0 Evocations


You had 2 spell levels left.
You knew the following spells:

 Your Spells              Type           Power      Damage    Failure   Level
a - Foxfire               Conj/Fire      100%       2x1d9     1%          1
b - Scorch                Fire           84%        2d9       1%          2
f - Fireball              Conj/Fire      21%        3d10      1%          5
i - Ignite Poison         Fire/Tmut/Pois 36%        N/A       1%          3
k - Kiss of Death         Conj/Necr      100%       2d13      1%          1
m - Momentum Strike       Conj/Tloc      52%        3d9       1%          2
o - Olgreb's Toxic Radia  Pois           57%        N/A       1%          4
r - Frozen Ramparts       Ice            58%        1d9       1%          3
v - Poisonous Vapours     Pois/Air       74%        N/A       1%          2
S - Starburst             Conj/Fire      21%        6d7       10%         6

Your spell library contained the following spells:

 Spells                   Type           Power      Damage    Failure   Level
 Orb of Destruction       Conj           21%        9d8       43%         7
 Freeze                   Ice            100%       1d10      1%          1
 Sting                    Tmut/Pois      100%       1d8       1%          1
 Static Discharge         Conj/Air       56%        2-5/arc   1%          2
 Apportation              Tloc           22%        N/A       8%          1
 Necrotise                Necr           32%        1d5       11%         1
 Summon Small Mammal      Summ           32%        N/A       11%         1
 Hailstorm                Conj/Ice       35%        3d9       1%          3
 Flame Wave               Conj/Fire      42%        2d11      1%          4
 Airstrike                Air            7%         2d(2-18)  13%         4
 Summon Guardian Golem    Hex/Summ       8%         N/A       32%         3
 Plasma Beam              Fire/Air       14%        2x1d27    38%         6
 Summon Lightning Spire   Summ/Air       11%        N/A       58%         4
 Summon Cactus Giant      Summ           4%         N/A       100%        6


Dungeon Overview and Level Annotations

Branches:
Dungeon (14/15)            Temple (0/1) D:7            Lair (3/5) D:11
 Shoals (0/4) Lair:2       Spider (0/4) Lair:3          Orc (0/2) D:9
 Vaults (0/5) D:13        Volcano (visited)

Altars:
Ashenzari
Dithmenos
Elyvilon
Fedhas
Gozag
Hepliaklqana
Kikubaaqudgha
Nemelex Xobeh
Ru
Sif Muna
Trog
Vehumet
Wu Jian
Xom
The Shining One

Shops:
D:4 *   D:12 [

Portals:
Trove: D:12 (give 15 scrolls of teleportation)

Annotations:
D:8 electric eel, 1 runed translucent door, SnakkuSnakku7's ghost, novice HuCA
Lair:2 1 runed translucent door, Zebleirgh's ghost, journeyman DrCj


Innate Abilities, Weirdness & Mutations

Your serpentine skin is tough. (AC +4)
You have supernaturally acute eyesight. (SInv)
Armour fits poorly on your strangely shaped body.
Your system is resistant to poisons. (rPois)
You cover ground very slowly.
You can spit poison.
You can use your snake-like lower body to constrict enemies.


Message History

A spriggan defender simulacrum comes into view.
You hit the spriggan defender simulacrum.
Your grab misses the spriggan defender simulacrum.
The spriggan defender simulacrum is lightly damaged.
You block the spriggan defender simulacrum's attack.
The spriggan defender simulacrum barely misses you.
You completely miss the spriggan defender simulacrum.
Your grab misses the spriggan defender simulacrum.
The spriggan defender simulacrum is lightly damaged.
The spriggan defender simulacrum hits you.
The spriggan defender simulacrum freezes you!
The spriggan defender simulacrum closely misses you.
You cannot cast spells when silenced!
You miss the spriggan defender simulacrum.
You grab the spriggan defender simulacrum.
The spriggan defender simulacrum is lightly damaged.
You constrict the spriggan defender simulacrum.
The spriggan defender simulacrum hits you!
The spriggan defender simulacrum freezes you!!!
* * * LOW HITPOINT WARNING * * *
You release your grip on the spriggan defender simulacrum.
The spriggan defender simulacrum barely misses you.
Your hearing returns.
The spriggan defender simulacrum closely misses you.
Casting: Ignite Poison (safe; 1% risk of failure)
Confirm with . or Enter, or press ? or * to list all spells.
Flames lash the spriggan defender simulacrum.
The spriggan defender simulacrum melts!
The spriggan defender simulacrum is heavily damaged.
The spriggan defender simulacrum's fire resistance burns away.
The spriggan defender simulacrum hits you but does no damage. x2
Casting: Scorch (safe; 1% risk of failure)
Confirm with . or Enter, or press ? or * to list all spells.
Flames lash the spriggan defender simulacrum.
The spriggan defender simulacrum melts!
The spriggan defender simulacrum is severely damaged.
The spriggan defender simulacrum hits you!
* * * LOW HITPOINT WARNING * * *
The spriggan defender simulacrum freezes you!!!
You die...

. ## #.# ..'.
###### ..
..'..#....#.####
#.....#.......
#..##Z@# ###..
..... ##...#
#### .###..# ..
.## #.. # .## .#
##


You could see a spriggan defender simulacrum (combustible).

Vanquished Creatures
  Rupert (D:13)
  A tentacled starspawn (Abyss:3)
  Gastronok (D:11)
  A yellow draconian (Abyss:3)
  3 hydras
  3 vault guards (D:13)
  Harold (D:11)
  4 boulder beetles
  2 catoblepae
  4 two-headed ogres
  3 death yaks (D:11)
  A tengu warrior (D:14)
  5 skeletal warriors (D:12)
  A skyshark (Lair:1)
  3 necromancers (D:13)
  4 ugly things
  An orc sorcerer (Volcano)
  A deep elf pyromancer (D:11)
  A manticore (D:11)
  7 elephants
  8 cyclopes
  2 black mambas (Lair:2)
  A smoke demon (Volcano)
  7 cane toads
  Maurice (D:11)
  2 molten gargoyles (Volcano)
  A gargoyle (D:14)
  A rime drake (Lair:2)
  Psyche (D:12)
  A kobold demonologist (D:5)
  A komodo dragon (Lair:1)
  A merfolk (Lair:2)
  A tengu conjurer (D:14)
  2 red devils (Volcano)
  The ghost of bairyn the Covered, an amateur AtFi (D:3)
  4 trolls
  Prince Ribbit (D:9)
  10 blink frogs (Lair:3)
  3 raiju (Abyss:3)
  A snapping turtle (Lair:1)
  Sigmund (D:7)
  4 wyverns
  3 shadows
  3 wraiths
  24 yaks
  A vampire (D:13)
  A ynoxinul (D:9)
  5 fire bats (Volcano)
  18 humans (D:13)
  A vampire mosquito (D:11)
  A redback (Lair:3)
  2 basilisks
  5 swamp worms (Lair:3)
  2 acid dragons
  8 water moccasins
  A sky beast (D:7)
  6 orc warriors
  2 black bears (D:7)
  An ogre (D:10)
  7 wolves (Lair:1)
  5 centaurs
  2 phantoms
  4 kobold brigands
  8 bullfrogs
  A gnoll sergeant (D:9)
  3 scorpions
  4 wights
  15 killer bees
  6 electric eels (D:8)
  3 howler monkeys
  6 lava snakes (Volcano)
  4 hounds
  A jelly (D:5)
  8 orc priests
  2 gnoll boudas
  3 sleepcaps
  5 iguanas
  Terence (D:3)
  Natasha (thrice) (D:3)
  10 orc wizards
  13 gnolls
  5 adders
  A white imp (D:6)
  A dart slug (D:1)
  43 orcs
  5 ball pythons
  7 bats
  8 endoplasms
  8 giant cockroaches
  7 goblins
  9 hobgoblins
  9 kobolds
  4 quokkas
  3 frilled lizards
  5 rats
416 creatures vanquished.

Vanquished Creatures (collateral kills)
  2 foxfires
2 creatures vanquished.

Vanquished Creatures (others)
  An iguana (D:7)
  590 foxfires
  4 starspawn tentacles (Abyss:3)
595 creatures vanquished.

Grand Total: 1013 creatures vanquished

Notes
Turn   | Place    | Note
-------+----------+-------------------------------------------
     0 | D:1      | Cheops the Naga Reaver began the quest for the Orb.
     0 | D:1      | Reached XP level 1. HP: 19/19 MP: 3/3
    16 | D:1      | Found a faded altar of an unknown god.
    39 | D:1      | Prayed at the altar of an unknown god.
    39 | D:1      | Became a worshipper of Vehumet
    39 | D:1      | Reached * piety under Vehumet
    39 | D:1      | Offered knowledge of Foxfire by Vehumet.
    42 | D:1      | Learned a level 1 spell: Foxfire
    52 | D:1      | Reached XP level 2. HP: 26/26 MP: 3/5
   258 | D:1      | Learned a level 2 spell: Momentum Strike
   397 | D:1      | Learned a level 1 spell: Sting
   448 | D:1      | Reached XP level 3. HP: 32/32 MP: 4/6
   763 | D:2      | Reached skill level 1 in Translocations
   807 | D:2      | Reached skill level 1 in Fire Magic
   964 | D:2      | Offered knowledge of Shock by Vehumet.
  1013 | D:2      | Reached ** piety under Vehumet
  1051 | D:2      | Found a radiant altar of Vehumet.
  1637 | D:2      | Reached XP level 4. HP: 38/39 MP: 3/7
  1640 | D:2      | Learned a level 2 spell: Poisonous Vapours
  2261 | D:3      | Found a runed translucent gate.
  2261 | D:3      | Found a runed translucent gate.
  2261 | D:3      | Found a runed translucent gate.
  2263 | D:3      | Noticed bairyn's ghost (amateur AtFi)
  2477 | D:3      | Noticed Terence
  2600 | D:4      | Reached skill level 2 in Poison Magic
  2600 | D:4      | Reached XP level 5. HP: 39/45 MP: 1/8
  2782 | D:4      | Reached skill level 1 in Air Magic
  2841 | D:4      | Reached skill level 3 in Poison Magic
  2940 | D:4      | Found Gozag's Platinum Reserve.
  2946 | D:4      | Found an opulent altar of Gozag.
  3032 | D:4      | Noticed a phantom
  3042 | D:4      | Killed a phantom
  3043 | D:4      | Reached XP level 6. HP: 37/52 MP: 1/9
  3448 | D:3      | Noticed Natasha
  3458 | D:3      | Killed Natasha
  3480 | D:3      | Noticed Natasha
  3486 | D:3      | Killed Natasha
  3596 | D:3      | Killed Terence
  3660 | D:3      | Noticed Natasha
  3667 | D:3      | Killed Natasha
  3671 | D:3      | Reached XP level 7. HP: 57/60 MP: 6/10
  4215 | D:5      | Entered Level 5 of the Dungeon
  4299 | D:5      | Found a shimmering altar of Xom.
  4391 | D:5      | Reached XP level 8. HP: 67/67 MP: 5/11
  4909 | D:5      | Found a glowing golden altar of the Shining One.
  4911 | D:5      | Found an ancient bone altar of Kikubaaqudgha.
  4940 | D:5      | Found a radiant altar of Vehumet.
  4976 | D:5      | Noticed a kobold demonologist
  4981 | D:5      | Noticed a red devil
  4985 | D:5      | Noticed a smoke demon
  5178 | D:5      | Killed a kobold demonologist
  5203 | D:5      | Offered knowledge of Inner Flame by Vehumet.
  5749 | D:6      | Found a white marble altar of Elyvilon.
  6131 | D:6      | Found an ornate altar of the Wu Jian Council.
  6295 | D:6      | Reached XP level 9. HP: 73/73 MP: 11/13
  6670 | D:7      | Reached skill level 5 in Conjurations
  6670 | D:7      | Reached skill level 5 in Fire Magic
  6935 | D:7      | Reached *** piety under Vehumet
  7063 | D:7      | Found a staircase to the Ecumenical Temple.
  7321 | D:7      | Found a blossoming altar of Fedhas.
  7647 | D:7      | Found a shadowy altar of Dithmenos.
  7937 | D:7      | Noticed Sigmund
  7943 | D:7      | Killed Sigmund
  7952 | D:7      | Offered knowledge of Fulminant Prism by Vehumet.
  8250 | D:7      | Learned a level 4 spell: Olgreb's Toxic Radiance
  8932 | D:8      | Found a sacrificial altar of Ru.
  8951 | D:8      | Reached XP level 10. HP: 76/80 MP: 14/14
  9397 | D:9      | Reached skill level 4 in Poison Magic
  9440 | D:8      | Reached skill level 5 in Poison Magic
  9694 | D:9      | Learned a level 2 spell: Scorch
  9775 | D:9      | Found a hazy altar of Hepliaklqana.
  9826 | D:9      | Noticed a two-headed ogre
  9841 | D:9      | HP: 3/72 [two-headed ogre/+0 giant spiked club (19)]
  9842 | D:9      | Killed a two-headed ogre
  9843 | D:9      | Reached skill level 7 in Poison Magic
 10271 | D:9      | Noticed Prince Ribbit
 10279 | D:9      | Killed Prince Ribbit
 10280 | D:9      | Reached skill level 8 in Poison Magic
 10435 | D:9      | Found a shimmering blue altar of Sif Muna.
 10500 | D:9      | Got Sif Muna's Thoughts on Illusion and Bolts
 10506 | D:9      | Found a bloodstained altar of Trog.
 10997 | D:9      | Reached skill level 9 in Poison Magic
 11077 | D:9      | Found a staircase to the Orcish Mines.
 11106 | D:9      | Reached **** piety under Vehumet
 11266 | D:9      | Reached skill level 10 in Poison Magic
 11267 | D:9      | Offered knowledge of Ignite Poison by Vehumet.
 11268 | D:9      | Reached XP level 11. HP: 66/86 MP: 12/15
 11416 | D:9      | Found a broken altar of Ashenzari.
 11486 | D:9      | Found a sparkling altar of Nemelex Xobeh.
 11601 | D:9      | Reached skill level 11 in Poison Magic
 12105 | D:9      | Learned a level 3 spell: Ignite Poison
 12121 | D:10     | Entered Level 10 of the Dungeon
 12890 | D:10     | Reached skill level 12 in Poison Magic
 13066 | D:10     | Identified the ring "Harhafed" {rC++ MP-9 AC+4 Dex+7}
 13595 | D:11     | Found a staircase to the Lair.
 13596 | D:11     | Noticed a death yak
 13596 | D:11     | Noticed a death yak
 13596 | D:11     | Noticed a death yak
 13602 | D:11     | Reached skill level 13 in Poison Magic
 13605 | D:11     | Killed a death yak
 13605 | D:11     | Reached ***** piety under Vehumet
 13605 | D:11     | Killed a death yak
 13606 | D:11     | Reached skill level 14 in Poison Magic
 13611 | D:11     | Killed a death yak
 13611 | D:11     | Offered knowledge of Yara's Violent Unravelling by Vehumet.
 13753 | Lair:1   | Entered Level 1 of the Lair of Beasts
 13772 | Lair:1   | Reached skill level 1 in Evocations
 14179 | D:11     | Noticed a two-headed ogre
 14184 | D:11     | Killed a two-headed ogre
 14323 | D:11     | Noticed a cyclops
 14326 | D:11     | Killed a cyclops
 14400 | D:11     | Noticed a boulder beetle
 14415 | D:11     | Killed a boulder beetle
 14416 | D:11     | Reached XP level 12. HP: 91/93 MP: 8/16
 14530 | D:11     | Found a shadowy altar of Dithmenos.
 14558 | D:11     | Reached skill level 5 in Evocations
 14698 | D:11     | HP: 1/93 [cyclops (24)]
 14957 | D:10     | Learned a level 3 spell: Frozen Ramparts
 15051 | D:11     | Reached skill level 1 in Ice Magic
 15219 | D:11     | Noticed a two-headed ogre
 15235 | D:11     | Killed a two-headed ogre
 15236 | D:11     | Reached skill level 5 in Spellcasting
 15521 | D:11     | Noticed Gastronok
 15537 | D:11     | Killed Gastronok
 15738 | D:11     | Noticed Maurice
 15741 | D:11     | Killed Maurice
 15892 | D:11     | Noticed Harold
 15898 | D:11     | Killed Harold
 16203 | D:11     | Found a shadowy altar of Dithmenos.
 16334 | D:11     | Found a staircase to the Lair.
 16870 | Lair:1   | Identified the +9 trident of Zumec {drain, Str-5 Int+9}
 17021 | Lair:1   | Reached skill level 5 in Ice Magic
 17093 | Lair:1   | Identified a scroll of acquirement
 17096 | Lair:1   | Acquired a +1 antimagic scimitar
 17545 | Lair:1   | Noticed a skyshark
 17549 | Lair:1   | Killed a skyshark
 17550 | Lair:1   | Gained mutation: You can use your snake-like lower body to
                  | constrict enemies. [Naga growth]
 17550 | Lair:1   | Reached XP level 13. HP: 90/99 MP: 11/20
 18049 | Lair:2   | Found a frozen archway.
 18812 | Lair:2   | Learned a level 5 spell: Fireball
 18860 | Lair:2   | Found a runed translucent door.
 18908 | Lair:2   | Noticed Zebleirgh's ghost (journeyman DrCj)
 18992 | Lair:2   | Found a staircase to the Shoals.
 19384 | Lair:3   | Found a dark tunnel.
 19402 | Volcano  | Entered a volcano
 19877 | Volcano  | Found a bloodstained altar of Trog.
 19898 | Volcano  | Paralysed by an orc sorcerer for 2 turns
 20273 | Lair:3   | Reached skill level 5 in Stealth
 20490 | Lair:3   | Found a hole to the Spider Nest.
 20599 | Lair:3   | Found a transporter.
 20623 | Lair:3   | Found a transporter.
 21552 | Lair:3   | Identified the +0 hat of Precision Catastrophes {rPois
                  | SInv}
 21806 | D:3      | Killed bairyn's ghost
 22432 | D:8      | Found a runed translucent door.
 22432 | D:8      | Found a shimmering altar of Xom.
 22432 | D:8      | Noticed SnakkuSnakku7's ghost (novice HuCA)
 22758 | D:12     | Identified the +0 lajatang of the Postmodern Yaks {venom,
                  | rPois rC+ Dex-3}
 23101 | D:12     | Found a portal to a secret trove of treasure.
 23245 | D:12     | Noticed Psyche
 23248 | D:12     | Killed Psyche
 23249 | D:12     | Reached XP level 14. HP: 111/111 MP: 14/24
 23641 | D:12     | Found Ruraimixt's Armour Shoppe.
 24185 | D:12     | Learned a level 6 spell: Starburst
 24645 | D:13     | Noticed Rupert
 24655 | D:13     | Killed Rupert
 24655 | D:13     | Offered knowledge of Orb of Destruction by Vehumet.
 24984 | D:13     | Found a gate to the Vaults.
 26374 | Abyss:3  | Cast into level 3 of the Abyss (a wizard)
 26427 | Abyss:3  | Noticed a starcursed mass
 26429 | Abyss:3  | Noticed a yellow draconian
 26437 | Abyss:3  | Killed a yellow draconian
 26495 | Abyss:3  | Noticed a tentacled starspawn
 26504 | Abyss:3  | Killed a tentacled starspawn
 26576 | Abyss:3  | Noticed a lorocyproca
 26609 | Abyss:3  | Noticed a brown very ugly thing
 26609 | Abyss:3  | Noticed a brown very ugly thing
 26609 | Abyss:3  | Noticed a brown very ugly thing
 26609 | Abyss:3  | Noticed a brown very ugly thing
 26609 | Abyss:3  | Noticed a tentacled starspawn
 26611 | Abyss:3  | Noticed a tentacled starspawn
 26614 | Abyss:3  | Noticed a starcursed mass
 26615 | Abyss:3  | Noticed a tentacled starspawn
 26651 | Abyss:3  | Slain by a spriggan defender simulacrum

Illustrated notes

Levels and vault maps discovered:
D:1:      ldierk_walled_garden_2, layout_rooms,
          hellmonk_ecumenical_altar_pennies_from_heaven, minmay_hexomino_c4
D:2:      layout_basic, basic_altar
D:3:      layout_basic, ebering_ghost_rock_garden, uniq_terence,
          uniq_crazy_yiuf_cottage, uniq_natasha
D:4:      layout_rooms, nicolae_gozag_zags_fifth_avenue,
          kennysheep_generic_room_4
D:5:      layout_loops_cross, lemuel_crystal_altar, grunt_temple_overflow_open
D:6:      layout_gridville, mainiacjoe_overflow_brackets,
          mainiacjoe_overflow_alcove_2
D:7:      layout_loops_ring, overflow_temple_1_default, fedhas_altar_fruit_tree,
          temple_statues, grunt_ministairs_4, minmay_misc_feat_four_crosses,
          sigmund_army
D:8:      layout_basic, nicolae_ru_sacrificial_ziggurat, serial_bayou,
          serial_bayou_pond_d, serial_bayou_lake_a, serial_bayou_pond_c,
          serial_bayou_crossing, ebering_ghost_xom
D:9:      layout_irregular_city, nzn_overflow_gifts_of_might_and_magic,
          mainiacjoe_overflow_catwalk, mainiacjoe_overflow_24_doors,
          mainiacjoe_overflow_boulevard, david_orc_1_choice, uniq_prince_ribbit1
D:10:     layout_loops_corners, special_room [special_room_orc],
          dk_rats_in_the_wall
D:11:     hangedman_cross_stitches, layout_stronghold, dpeg_lair_monsters,
          grunt_dithmenos_smoke_and_mirrors, uniq_maurice, uniq_harold,
          uniq_gastronok
D:12:     layout_gridville, enter_trove_0, serial_shops,
          nicolae_shop_back_alley_shop, uniq_psyche
D:13:     layout_small_grid, grunt_vaults_entry_tiered, uniq_rupert
D:14:     layout_loops_ring, biasface_ghost_orc_armoury
Lair:1:   layout_misc_corridors, lemuel_fruit_tree, grunt_megastairs_3
Lair:2:   layout_gridlike, elwin_shoals_entry_rooms,
          ebering_ghost_reflecting_pool, portal_ice_cave_entry_pillars_1
Lair:3:   gammafunk_worm_tunnel, layout_cave_pods, spider_nest_entry_rubble,
          nicolae_volcano_entry_lava_flow, gauntlet_entry_generic
Abyss:3:  base: D:13, hangedman_abyss_rune_macabre_mess, patterned_corridor

Skill      XL: |  1  2  3  4  5  6  7  8  9 10 11 12 13 14 |
---------------+-------------------------------------------+-----
Long Blades    | 4 13 | 13.1
Translocations | 1 |  1.0
Fire Magic     | 2 3 4 6 8 9 |  9.4
Poison Magic   | 2 3 10 14 | 14.4
Air Magic      | 1 2 |  2.0
Conjurations   | 4 6 8 9 |  9.4
Spellcasting   | 3 5 7 9 |  9.0
Evocations     | 4 5 |  5.0
Ice Magic      | 6 |  6.0
Shields        | 4 |  4.0
Fighting       | 3 4 |  4.3
Stealth        | 9 |  9.2
Dodging        | |  1.5

Action                     |  1- 3 |  4- 6 |  7- 9 | 10-12 | 13-15 || total
---------------------------+-------+-------+-------+-------+-------++-------
  Melee: Falchion          |    32 |    40 |    16 |       |       ||    88
         Staff             |     3 |       |       |       |    12 ||    15
         Scimitar          |       |       |    99 |   144 |    24 ||   267
         Punch             |       |       |     1 |     1 |       ||     2
         Constrict         |       |       |       |       |     7 ||     7
   Cast: Foxfire           |    54 |    58 |    67 |   107 |    37 ||   323
         Momentum Strike   |     4 |    12 |    32 |    15 |     8 ||    71
         Poisonous Vapours |       |     1 |    31 |    31 |    15 ||    78
         Sting             |       |       |     1 |     1 |     6 ||     8
         Olgreb's Toxic Ra |       |       |     1 |    40 |    63 ||   104
         Scorch            |       |       |       |    13 |    54 ||    67
         Ignite Poison     |       |       |       |    58 |   101 ||   159
         Frozen Ramparts   |       |       |       |     7 |    11 ||    18
         Fireball          |       |       |       |       |    15 ||    15
         Starburst         |       |       |       |       |     3 ||     3
Ability: Spit Poison       |     6 |     4 |    14 |     4 |       ||    28
  Evoke: Wand              |       |       |     2 |    14 |    13 ||    29
         Lightning rod     |       |       |       |       |     6 ||     6
    Use: Scroll            |       |    10 |     3 |    12 |    12 ||    37
         Potion            |       |     1 |     6 |     3 |     1 ||    11
   Stab: Distracted        |       |       |       |       |     1 ||     1
 Armour: Leather armour    |    18 |    21 |    42 |    74 |    21 ||   176
         Robe              |       |       |       |       |    45 ||    45
  Dodge: Dodged            |    28 |    34 |   118 |   195 |    93 ||   468
  Block: Buckler           |       |       |       |     4 |    54 ||    58
